AoeStats
← Dadao Wushi

Nomad

509295713Analyzed
4v4 RM · 5d ago on Sep 26, 2026· 65m 47s· 8 players
Game mode
Random Map
Map size
231×231
Population
200
Speed
Normal
Resources
Standard
Victory
Conquest
Starting age
Dark Age
Ending age
Imperial Age
RankedLock teamsTeams togetherTeam positionsShared explorationLock speedFull tech treeHidden civsTurbo modeCheats
Victory
Defeat
🇹🇼 Varangians · Taiwan
1278
+10
🇦🇿 Tupi · Azerbaijan
1126
+15
🇭🇰 Danes · Hong Kong SAR China
1088
+17
🇭🇰 Byzantines · Hong Kong SAR China
1006
+20
🇧🇷 Byzantines · Brazil
1134
-16
🇹🇼 Varangians · Taiwan
1121
-16
🇩🇪 Danes · Germany
1104
-15
🇹🇷 Teutons · Türkiye
1099
-15
haspirits
4:48 Loom
14:53 Feudal Age
15:27 Double-Bit Axe
22:26 Castle Age
21:37 Fishing Lines
23:33 Wheelbarrow
23:20 Medium Warships
23:01 Gillnets
23:50 Fletching
26:05 Bodkin Arrow
36:02 Imperial Age
35:29 Forging
36:45 Hand Cart
37:08 Conscription
37:50 Town Watch
41:32 Horse Collar
43:15 Iron Casting
42:41 Bracer
45:26 Blast Furnace
44:38 Padded Archer Armor
45:25 Scale Mail Armor
45:42 Elite Skirmisher
45:51 Pikeman
46:18 Cranequins
46:21 Heavy Mounted Crossbowman
47:16 Heavy Plow
46:47 Halberdier
47:40 Thumb Ring
48:08 Bow Saw
50:49 Ballistics
51:26 Leather Archer Armor
51:53 Squires
51:40 Gambesons
54:18 Elite Varangian Guard
VkA | Alphalone-
13:23 Feudal Age
14:32 Double-Bit Axe
15:38 Arson
18:18 Loom
21:03 Castle Age
22:02 Arson
22:18 Squires
22:04 Gambesons
22:27 Scale Mail Armor
22:37 Forging
22:32 Fishing Lines
24:10 Bow Saw
38:25 Wheelbarrow
43:05 Imperial Age
40:33 Pikeman
58:07 Halberdier
rca
3:36 Loom
11:36 Loom
13:49 Feudal Age
14:25 Man-at-Arms
16:44 Wheelbarrow
18:03 Bloodlines
20:45 Scale Barding Armor
20:52 Forging
25:13 Castle Age
24:33 Fletching
27:52 Crossbowman
28:37 Stone Mining
28:33 Double-Bit Axe
28:32 Horse Collar
28:37 Fishing Lines
29:42 Bodkin Arrow
32:48 Padded Archer Armor
38:43 Iron Casting
38:37 Squires
38:17 Pikeman
42:55 Ironclad
49:34 Scale Mail Armor
57:18 Imperial Age
Asta7710
4:40 Loom
13:50 Feudal Age
14:28 Double-Bit Axe
17:37 Wheelbarrow
16:54 Fishing Lines
22:49 Castle Age
23:47 Medium Warships
24:41 Bow Saw
26:31 Fletching
27:04 Horse Collar
27:51 Padded Archer Armor
31:00 Bodkin Arrow
33:16 Scale Barding Armor
33:35 Hand Cart
34:34 Heavy Plow
35:30 Leather Archer Armor
35:59 Squires
35:34 Pikeman
36:58 Scale Mail Armor
37:10 Forging
40:07 Imperial Age
39:50 Iron Casting
40:25 Chain Barding Armor
39:30 Vendel Legacy
40:59 Chain Mail Armor
41:51 Blast Furnace
41:14 Elite Longship
42:02 Halberdier
43:28 Plate Mail Armor
43:28 Conscription
42:34 Gothikon
43:06 Elite Varangian Guard
45:16 Two-Man Saw
47:13 Ring Archer Armor
46:46 Bracer
51:22 Ring Archer Armor
53:27 Crop Rotation
53:43 Arson
I have Gun
3:24 Loom
13:27 Feudal Age
14:47 Horse Collar
14:53 Double-Bit Axe
19:53 Horse Collar
23:21 Castle Age
21:58 Horse Collar
24:52 Fletching
25:03 Padded Archer Armor
47:08 Bow Saw
49:45 Heavy Plow
50:15 Gold Mining
50:15 Stone Mining
60:31 Imperial Age
59:19 Caravan
60:48 Wheelbarrow
60:49 Elite Blackwood Archer
62:17 Curare
62:25 Bodkin Arrow
62:45 Leather Archer Armor
62:53 Conscription
63:04 Leather Archer Armor
63:44 Bracer
64:41 Ring Archer Armor
64:35 Ballistics
65:23 Chemistry
64:25 Spies/Treason
Dadao Wushi
15:05 Feudal Age
17:44 Double-Bit Axe
17:42 Horse Collar
20:40 Castle Age
26:46 Heavy Plow
27:17 Bow Saw
27:21 Gold Mining
34:09 Imperial Age
32:15 Wheelbarrow
32:14 Scale Barding Armor
32:19 Forging
33:20 Chain Barding Armor
33:44 Gold Shaft Mining
35:17 Iron Casting
35:22 Conscription
35:10 Stone Mining
38:40 Hand Cart
42:06 Two-Man Saw
41:50 Plate Barding Armor
42:27 Logistica
42:44 Elite Cataphract
52:25 Fervor
52:36 Sanctity
52:54 Stone Shaft Mining
52:28 Husbandry
63:36 Spies/Treason
63:42 Spies/Treason
66:24 Greek Fire
waitmanshu
4:42 Loom
13:59 Feudal Age
19:29 Castle Age
18:07 Double-Bit Axe
20:24 Bloodlines
20:21 Scale Barding Armor
25:37 Gold Mining
26:07 Forging
27:16 Chain Barding Armor
28:55 Iron Casting
29:48 Wheelbarrow
29:56 Medium Warships
32:56 Fletching
36:24 Imperial Age
34:41 Bodkin Arrow
35:39 Husbandry
34:59 Light Cavalry
37:01 Bow Saw
37:51 Conscription
37:11 Vendel Legacy
38:50 Horse Collar
41:48 Plate Barding Armor
42:44 Blast Furnace
41:37 Gothikon
43:31 Cavalier
47:07 Hand Cart
50:08 Two-Man Saw
49:09 Heavy Plow
50:56 Hussar
51:41 Elite Jarl
53:29 Caravan
61:43 Spies/Treason
Futou Juhan
9:28 Loom
13:51 Feudal Age
14:35 Double-Bit Axe
15:20 Stone Mining
17:51 Castle Age
16:22 Gold Mining
17:17 Fletching
18:54 Bow Saw
18:51 Bodkin Arrow
40:28 Imperial Age
40:50 Capped Ram
45:31 Forging
56:24 Scale Mail Armor
59:33 Wheelbarrow
58:41 Horse Collar
60:52 Stone Shaft Mining
60:43 Arson
60:59 Squires
60:45 Gambesons
60:26 Hamask
61:28 Conscription
62:55 Iron Casting
63:17 Hand Cart
63:21 Chain Mail Armor
63:10 Elite Jomsviking
65:31 Blast Furnace
65:23 Gold Shaft Mining
64:17 Spies/Treason
Connection lost

Rejoining the realm…

Still unreachable

The connection could not be restored.

Session expired

The server has moved on; the page needs a fresh start.